 Dungeon Crawl Stone Soup version 0.27.0-1-g7a089689b8 (webtiles) character file.

Game seed: 13592140925524734228

6 FrogKing the Chopper (level 1, 0/20 HPs)
             Began as a Minotaur Berserker on Aug 4, 2021.
             Was a Follower of Trog.
             Slain by a kobold (2 damage)
             ... on level 1 of the Dungeon.
             The game lasted 00:00:37 (91 turns).

FrogKing the Chopper (Minotaur Berserker)             Turns: 91, Time: 00:00:37

Health: 0/20       AC:  2    Str: 21    XL:     1   Next: 75%
Magic:  0/0        EV: 12    Int:  4    God:    Trog [*.....]
Gold:   14         SH:  0    Dex:  9    Spells: 0/0 levels left

rFire    . . .     SeeInvis .   c - +0 war axe
rCold    . . .     Faith    .   (no shield)
rNeg     . . .     Spirit   .   b - +0 animal skin
rPois    .         Reflect  .   (helmet restricted)
rElec    .         Harm     .   (no cloak)
rCorr    .         Rampage  .   (no gloves)
Will     .....                  (no boots)
Stlth    +.........             (no amulet)
HPRegen  0.06/turn              (no ring)
MPRegen  0.07/turn              (no ring)

@: no status effects
A: horns 2, retaliatory headbutt
a: Renounce Religion, Berserk


You were on level 1 of the Dungeon.
You worshipped Trog.
Trog was aware of your devotion.
You visited 1 branch of the dungeon, and saw 1 of its levels.

You collected 14 gold pieces.

Inventory:

Hand Weapons
 a - a +0 hand axe
 c - a +0 war axe (weapon)
Armour
 b - a +0 animal skin (worn)
Scrolls
 e - 3 scrolls of identify {unknown}
Potions
 d - a potion of degeneration {unknown}
 f - a potion of brilliance {unknown}


   Skills:
 + Level 3.8 Fighting
 + Level 3.8 Axes
 + Level 2.5 Armour
 + Level 2.2 Dodging


You couldn't memorise any spells.
You didn't know any spells.
Your spell library was empty.

Dungeon Overview and Level Annotations

Branches:
Dungeon (1/15)

Altars:


Innate Abilities, Weirdness & Mutations

You have a pair of horns on your head.
You reflexively headbutt those who attack you in melee.


Message History

You now have 14 gold pieces.
f - a bubbling amethyst potion You open the door.
A bat comes into view.
You hit the bat.
You kill the bat!
Trog accepts your kill.
No target in view!
A kobold comes into view. It is wielding a +0 club.
The kobold throws a stone.
The stone barely misses you.
The kobold throws a stone.
The stone closely misses you.
A rat comes into view.
The kobold hits you with a +0 club.
You completely miss the kobold. The kobold hits you with a +0 club.
You closely miss the kobold. The kobold hits you with a +0 club.
The kobold closely misses you.
You barely miss the kobold. You slash the rat!
You kill the rat!
Trog accepts your kill. The kobold hits you with a +0 club.
You are too injured to fight recklessly!
You are too injured to fight recklessly!
You are too injured to fight recklessly!
You are too injured to fight recklessly!
You hit the goblin. You headbutt the goblin.
You kill the goblin!
Trog accepts your kill.
You closely miss the kobold. The kobold barely misses you.
A frilled lizard comes into view.
The kobold closely misses you.
Things that are here:
a +0 dagger; a goblin corpse You closely miss the kobold.
The kobold hits you with a +0 club.
* * * LOW HITPOINT WARNING * * *
The kobold hits you with a +0 club.
* * * LOW HITPOINT WARNING * * *
You closely miss the kobold. The kobold hits you with a +0 club.
* * * LOW HITPOINT WARNING * * *
You closely miss the kobold. The kobold hits you with a +0 club.
You die...

#.##.#.......######.#
.#.##.#....#+#.......#
.#.##.#.... #.########
.#.##...... #.........
.#.####... ##..######
.#.# #... #..#
.#'####... #..#
.......... #..#
.......... #K@#
).........#....l.#
..........#.......
..........#........
..........#.........
.##+###+#.#..........
.# #..........# ..
#.###+###### #+#


You could see a kobold and a frilled lizard.

Vanquished Creatures
  A bat (D:1)
  2 goblins (D:1)
  A kobold (D:1)
  A rat (D:1)
5 creatures vanquished.

Notes
Turn   | Place    | Note
-------+----------+-------------------------------------------
     0 | D:1      | FrogKing the Minotaur Berserker began the quest for the
                  | Orb.
     0 | D:1      | Reached XP level 1. HP: 19/19 MP: 0/0
    37 | D:1      | Found a faded altar of an unknown god.
    91 | D:1      | Slain by a kobold

Illustrated notes

Levels and vault maps discovered:
D:1:      scummos_arrival_checkerplants, layout_basic,
          ebering_ecumenical_altar_webs

Action                   || total
-------------------------++-------
Melee: War axe           ||     9
       Hand axe          ||     2
       Headbutt          ||     1
Dodge: Dodged            ||     6
